 Dungeon Crawl Stone Soup version 0.29.1-12-g30fa7ad0bf (webtiles) character file.

Game seed: 6997920479689278510

82209 FexLirch the Destroyer (level 15, -18/88 HPs)
             Began as a Deep Elf Conjurer on Dec 24, 2022.
             Was a High Priest of Sif Muna.
             Demolished by a radroach (37 damage)
             ... on level 2 of the Lair of Beasts.
             The game lasted 01:47:16 (27175 turns).

FexLirch the Destroyer (Deep Elf Conjurer)         Turns: 27175, Time: 01:47:16

Health: -18/88     AC: 12    Str: 10    XL:     15   Next: 28%
Magic:  43/43      EV: 17    Int: 36    God:    Sif Muna [*****.]
Gold:   682        SH:  0    Dex: 13    Spells: 18/38 levels left

rFire   . . .      SeeInvis +   L - +3 long sword of Ligue {vamp, rC++}
rCold   + + .      Faith    .   (no shield)
rNeg    . . .      Spirit   .   D - +0 steam dragon scales
rPois   .          Reflect  .   I - +3 hat of Pondering {ponderous, Will+ MP+10 Int+5}
rElec   .          Harm     .   K - +0 cloak
rCorr   .          Rampage  .   X - +1 pair of gloves
Will    ++...                   B - +0 pair of boots
Stlth   ++........              t - amulet of regeneration
HPRegen 1.04/turn               i - +6 ring of strength
MPRegen 0.28/turn               z - ring of see invisible

@: studying Stealth, slow
A: no striking features
a: Renounce Religion, Channel Magic, Forget Spell, Divine Exegesis


You were on level 2 of the Lair of Beasts.
You worshipped Sif Muna.
Sif Muna was extremely pleased with you.
You visited 5 branches of the dungeon, and saw 22 of its levels.
You also visited: Ice Cave.

You collected 1496 gold pieces.
You spent 814 gold pieces at shops.

Inventory:

Hand Weapons
 a - the +4 shortbow "Ciajausamo" {freeze, rF+ Will+}
   (You found it on level 11 of the Dungeon)

   Any ammunition fired from it freezes those it strikes, dealing additional
   cold damage.
   It can also slow down cold-blooded creatures.
   rF:        It protects you from fire.
   Will:      It increases your willpower.
 L - the +3 long sword of Ligue (weapon) {vamp, rC++}
   (You found it on level 10 of the Dungeon)

   It occasionally heals its wielder for a portion of the damage dealt when it
   wounds a living foe.
   rC:        It greatly protects you from cold.
Missiles
 x - a throwing net
Armour
 B - a +0 pair of boots (worn)
 D - +0 steam dragon scales (worn)
 I - the +3 hat of Pondering (worn) {ponderous, Will+ MP+10 Int+5}
   (You took it off Gastronok on level 10 of the Dungeon)

   Int:       It affects your intelligence (+5).
   MP:        It affects your magic capacity (+10).
   Will:      It increases your willpower.
 K - a +0 cloak (worn)
 X - a +1 pair of gloves (worn)
Magical Staves
 C - a staff of cold
Jewellery
 i - a +6 ring of strength (left hand)
 t - an amulet of regeneration (around neck)
 z - a ring of see invisible (right hand)
 P - a ring of ice
 Q - a ring of ice
 U - a ring of fire
Wands
 A - a wand of digging (2)
 G - a wand of paralysis (2)
 J - a wand of roots (19)
 W - a wand of mindburst (12)
Scrolls
 c - 10 scrolls of teleportation
 d - a scroll of vulnerability {unknown}
 g - 2 scrolls of silence
 h - 3 scrolls of enchant weapon
 k - a scroll of magic mapping
 m - 4 scrolls of poison
 o - a scroll of noise
 q - 4 scrolls of immolation
 r - 4 scrolls of amnesia
 u - 2 scrolls of blinking {unknown}
 v - a scroll of acquirement {unknown}
 w - 3 scrolls of fear
 y - a scroll of brand weapon {unknown}
 E - 3 scrolls of enchant armour
 F - 2 scrolls of summoning
 N - 2 scrolls of butterflies
 O - 2 scrolls of torment
Potions
 b - 3 potions of magic
 e - 6 potions of mutation
 f - 4 potions of resistance
 j - 3 potions of flight
 l - 6 potions of curing
 n - a potion of heal wounds
 p - a potion of degeneration {unknown}
 s - 4 potions of brilliance
 H - 2 potions of attraction
 M - a potion of lignification
 S - a potion of might
 V - a potion of cancellation {unknown}
Miscellaneous
 R - a phial of floods


   Skills:
 + Level 8.3 Fighting
 + Level 12.3 Dodging
 - Level 2.4 Stealth
 - Level 12.0 Spellcasting
 - Level 14.0 Conjurations
 - Level 7.8 Hexes
 - Level 11.1 Necromancy
 - Level 6.4 Translocations
 * Level 13.2 Earth Magic
 + Level 8.2 Invocations


You had 18 spell levels left.
You knew the following spells:

 Your Spells              Type           Power      Damage    Failure   Level
a - Magic Dart            Conj           100%       1d8       0%          1
b - Searing Ray           Conj           100%       2d8       0%          2
c - Fulminant Prism       Conj/Hex       39%        3d18      1%          4
d - Iskenderun's Mystic   Conj/Tloc      76%        2d15      1%          4
e - Borgnjor's Vile Clut  Necr/Erth      41%        N/A       1%          5
f - Cause Fear            Hex            33%        N/A       1%          4

Your spell library contained the following spells:

 Spells                   Type           Power      Damage    Failure   Level
 Apportation              Tloc           100%       N/A       1%          1
 Foxfire                  Conj/Fire      100%       2x1d9     1%          1
 Necrotise                Necr           100%       1d9       1%          1
 Summon Small Mammal      Summ           84%        N/A       1%          1
 Ensorcelled Hibernation  Hex/Ice        98%        N/A       1%          2
 Static Discharge         Conj/Air       64%        3-11/arc  1%          2
 Conjure Flame            Conj/Fire      64%        6-21      1%          3
 Dazzling Flash           Conj/Hex       100%       N/A       1%          3
 Inner Flame              Hex/Fire       49%        N/A       1%          3
 Summon Guardian Golem    Hex/Summ       49%        N/A       1%          3
 Dispel Undead            Necr           80%        3d26      1%          4
 Flame Wave               Conj/Fire      64%        2d15      1%          4
 Leda's Liquefaction      Hex/Erth       38%        N/A       1%          4
 Petrify                  Tmut/Erth      62%        N/A       1%          4
 Sticky Flame             Conj/Fire      64%        2d8       1%          4
 Scorch                   Fire           42%        2d7       2%          2
 Fireball                 Conj/Fire      32%        3d14      3%          5
 Irradiate                Conj/Tmut      32%        3d22      3%          5
 Lightning Bolt           Conj/Air       32%        1d49      3%          5
 Orb of Destruction       Conj           44%        9d12      4%          7
 Ignite Poison            Fire/Tmut/Pois 21%        N/A       5%          3
 Metabolic Englaciation   Hex/Ice        24%        N/A       11%         5
 Starburst                Conj/Fire      32%        6d10      16%         6
 Airstrike                Air            10%        2d(2-18)  19%         4
 Olgreb's Toxic Radiance  Pois           21%        N/A       19%         4
 Summon Lightning Spire   Summ/Air       21%        N/A       19%         4
 Statue Form              Tmut/Erth      41%        N/A       19%         6
 Blade Hands              Tmut           10%        N/A       45%         5
 Spellforged Servitor     Conj/Summ      32%        N/A       65%         7
 Dragon Form              Tmut           10%        N/A       100%        7
 Ozocubu's Refrigeration  Ice            10%        4d9       100%        7
 Ignition                 Fire           10%        3d5       100%        8
 Dragon's Call            Summ           10%        N/A       100%        9
 Fire Storm               Conj/Fire      32%        8d8       100%        9
 Shatter                  Erth           43%        3d33*     100%        9


Dungeon Overview and Level Annotations

Branches:
Dungeon (13/15)              Lair (5/5) D:10          Swamp (1/4) Lair:3
 Spider (1/4) Lair:2        Slime (0/5) Lair:4          Orc (2/2) D:9
    Elf (0/3) Orc:2        Vaults (0/5) D:13          IceCv (visited)
 Temple: D:4-7

Altars:
Gozag
Kikubaaqudgha
Ru
Sif Muna
Zin
The Shining One
Jiyva

Shops:
D:8 !:!=   D:10 *   Orc:2 ((*:?

Annotations:
D:4 2 transporters, mortz's ghost, amateur TrFi
D:5 2 transporters
D:6 1 runed translucent door, Maggie
Lair:1 1 runed translucent door, booth's ghost, novice DsGl


Message History

Casting: Borgnjor's Vile Clutch (mildly dangerous; 1% risk of failure)
Confirm with . or Enter, or press ? or * to list all spells.
You don't know that spell.
Unknown command.
Unknown command.
You feel extremely sick.
The redback bites you but does no damage.
The wolf spider barely misses you.
The wolf spider bites you but does no damage.
The radroach bites you!
* * * LOW HITPOINT WARNING * * *
The radroach misses you.
You climb upwards.
Welcome back to the Lair of Beasts!
* * * LOW HITPOINT WARNING * * *
You feel extremely sick.
There is a hole to the Spider Nest, spattered with blood here.
Unknown command.
Unknown command.
Casting: Borgnjor's Vile Clutch (mildly dangerous; 1% risk of failure)
Confirm with . or Enter, or press ? or * to list all spells.
Okay, then.
Unknown command.
Unknown command.
Casting: Borgnjor's Vile Clutch (mildly dangerous; 1% risk of failure)
Confirm with . or Enter, or press ? or * to list all spells.
Casting: Cause Fear (mildly dangerous; 1% risk of failure)
Press: ? - help, Dir - look around, f - activate Look: a radroach (chance to affect: 57%)
Okay, then.
Unknown command.
Unknown command.
You feel better. The redback misses you. The wolf spider barely misses you.
The wolf spider bites you but does no damage.
The redback bites you.
* * * LOW HITPOINT WARNING * * *
The wolf spider barely misses you.
The wolf spider bites you but does no damage.
The radroach erupts in a fountain of uncontrolled magic!
You are blasted with magical radiation!!!
You die...

### ###......##
#.####......###
#####.##........##
##^#..#.#.......#.#
##.#^##)........####
##.....#^........#
###^^^.#....^....###
#...#^#s.s###...P# #
##.#...#@#.##^.### #
#####.B^#..#### ##
#..#..#..##.# P#
#.##...^...## .#
##.###^.^^## .##
###...#..#^## ..##
##P.......### ...#
#.........#
#..#####.......###


You could see a radroach, a wolf spider and a redback.

Vanquished Creatures
  Kirke (Lair:5)
  A reaper (IceCv)
  2 entropy weavers
  6 vault guards (D:13)
  A boulder beetle (D:11)
  5 hydras
  4 catoblepae (Lair:5)
  A centaur warrior (D:13)
  8 death yaks (Lair:5)
  5 orc high priests (Orc:2)
  A pharaoh ant (Spider:1)
  An orb spider (Spider:1)
  4 bog bodies
  4 orc knights (Orc:2)
  2 deep elf pyromancers
  A wolf spider (Spider:1)
  2 oklob plants (Lair:4)
  4 ugly things
  2 ice statues (IceCv)
  3 manticores
  13 elephants
  4 cyclopes
  Maurice (D:9)
  3 black mambas
  6 cane toads
  A demonic crawler (Lair:2)
  A torpor snail (Lair:1)
  Psyche (D:12)
  4 rime drakes
  7 komodo dragons
  6 ice devils (IceCv)
  An anaconda simulacrum (IceCv)
  A bloated husk (Swamp:1)
  5 trolls
  A polar bear (Lair:3)
  2 tarantellas (Spider:1)
  3 hornets
  11 blink frogs
  4 dream sheep (Lair:4)
  4 slime creatures (D:12)
  2 culicivoras (Spider:1)
  A jumping spider (Lair:2)
  4 shadows
  3 wraiths
  A wyvern (Lair:5)
  4 spriggans
  2 dire elephant simulacra (IceCv)
  4 hogs (Lair:5)
  89 yaks
  Grum (Lair:1)
  8 vampire mosquitoes
  3 swamp worms
  A steam dragon (D:8)
  4 redbacks
  2 acid dragons
  10 water moccasins
  39 orc warriors
  3 ice beasts
  A black bear (Lair:4)
  3 sky beasts
  4 centaurs
  3 ogres (Orc:2)
  8 wolves
  A phantom (D:5)
  12 bullfrogs
  3 kobold brigands
  2 gnoll sergeants
  9 necrophages
  A scorpion (D:6)
  3 two-headed ogre simulacra (IceCv)
  A cane toad simulacrum (IceCv)
  13 wights
  An elephant simulacrum (Lair:2)
  6 killer bees (D:7)
  3 howler monkeys
  5 electric eels
  2 hounds (D:4)
  3 jellies
  25 orc priests
  Jessica (D:2)
  An iguana (D:4)
  16 orc wizards
  6 hell rats
  A spriggan simulacrum (IceCv)
  3 polar bear simulacra
  3 wolf simulacra
  6 gnolls
  6 adders
  4 naga simulacra (IceCv)
  8 white imps
  2 ufetubi
  62 orcs
  6 bats
  7 endoplasms
  6 giant cockroaches
  8 hobgoblins
  5 jackals
  A quokka (D:4)
  9 ball pythons
  A frilled lizard (D:3)
  7 goblins
  20 kobolds
  6 rats
  9 fulminant prisms
631 creatures vanquished.

Vanquished Creatures (collateral kills)
  Gastronok (D:10)
1 creature vanquished.

Vanquished Creatures (others)
  240 fulminant prisms
  37 fungi
  67 plants
344 creatures vanquished.

Grand Total: 976 creatures vanquished

Notes
Turn   | Place    | Note
-------+----------+-------------------------------------------
     0 | D:1      | FexLirch the Deep Elf Conjurer began the quest for the Orb.
     0 | D:1      | Reached XP level 1. HP: 10/10 MP: 6/6
   300 | D:1      | Reached XP level 2. HP: 15/15 MP: 6/8
   573 | D:1      | Reached skill level 5 in Conjurations
   616 | D:1      | Learned a level 2 spell: Searing Ray
   945 | D:2      | Reached XP level 3. HP: 19/19 MP: 5/10
  1275 | D:2      | Noticed Jessica
  1278 | D:2      | Killed Jessica
  1279 | D:2      | Reached XP level 4. HP: 24/24 MP: 7/12
  2034 | D:3      | Reached skill level 6 in Conjurations
  2468 | D:4      | Learned a level 4 spell: Fulminant Prism
  2473 | D:4      | Learned a level 4 spell: Iskenderun's Mystic Blast
  2582 | D:4      | Reached skill level 1 in Hexes
  2582 | D:4      | Reached XP level 5. HP: 28/28 MP: 7/14
  2646 | D:4      | Found a transporter.
  2651 | D:4      | Noticed mortz's ghost (amateur TrFi)
  2652 | D:4      | Found a transporter.
  2704 | D:5      | Entered Level 5 of the Dungeon
  2883 | D:5      | Found a transporter.
  2909 | D:5      | Found a transporter.
  3024 | D:5      | Reached skill level 1 in Translocations
  3040 | D:5      | Reached skill level 5 in Spellcasting
  3099 | D:4      | Reached XP level 6. HP: 22/32 MP: 7/15
  3801 | D:4      | Reached skill level 7 in Conjurations
  4380 | D:5      | Found a sacrificial altar of Ru.
  4440 | D:5      | Reached XP level 7. HP: 36/36 MP: 6/17
  5372 | D:6      | Reached skill level 8 in Conjurations
  5433 | D:6      | Found a runed translucent door.
  5663 | D:6      | Reached XP level 8. HP: 41/41 MP: 10/19
  5695 | D:6      | Noticed Maggie
  5854 | D:7      | Reached skill level 5 in Hexes
  6418 | D:7      | Reached skill level 9 in Conjurations
  7266 | D:7      | Reached skill level 5 in Translocations
  7266 | D:7      | Reached XP level 9. HP: 44/45 MP: 3/22
  7474 | D:8      | Found Nehynoa's Jewellery Shop.
  7478 | D:8      | Reached skill level 10 in Conjurations
  7908 | D:8      | Found Nuciw's Book Shop.
  7952 | D:8      | Reached skill level 11 in Conjurations
  8007 | D:8      | Found Tiff's Distillery.
  8168 | D:8      | Reached XP level 10. HP: 51/51 MP: 13/25
  8329 | D:8      | Found Vipluumu's Distillery.
  8519 | D:9      | Reached skill level 1 in Fighting
  9250 | D:9      | Reached skill level 12 in Conjurations
  9306 | D:9      | Reached skill level 10 in Spellcasting
  9462 | D:9      | Noticed Maurice
  9472 | D:9      | Paralysed by Maurice for 4 turns
  9483 | D:9      | Killed Maurice
  9622 | D:9      | Found a glowing golden altar of the Shining One.
  9623 | D:9      | Found an opulent altar of Gozag.
  9790 | D:9      | Reached skill level 5 in Dodging
  9896 | D:9      | Found a staircase to the Orcish Mines.
 10046 | D:10     | Entered Level 10 of the Dungeon
 10445 | D:10     | Found Qyufob's Assorted Antiques.
 10452 | D:10     | Reached XP level 11. HP: 56/60 MP: 16/27
 10671 | D:10     | Reached skill level 13 in Conjurations
 10890 | D:10     | Found a staircase to the Lair.
 10890 | D:10     | Noticed Gastronok
 10916 | D:10     | Killed Gastronok
 11056 | D:10     | Identified the +3 long sword of Ligue {vamp, rC++}
 11322 | D:10     | Found a shimmering blue altar of Sif Muna.
 11325 | D:10     | Became a worshipper of Sif Muna the Loreminder
 11472 | D:11     | Noticed a boulder beetle
 11532 | D:11     | Identified the +4 shortbow "Ciajausamo" {freeze, rF+ Will+}
 11555 | D:11     | Noticed a brown ugly thing
 11571 | D:11     | Killed a brown ugly thing
 11572 | D:11     | Reached skill level 1 in Earth Magic
 11869 | D:11     | Killed a boulder beetle
 12518 | D:8      | Bought the Vellum of Geological Ice for 528 gold pieces
 12524 | D:8      | Learned a level 5 spell: Borgnjor's Vile Clutch
 12529 | D:8      | Learned a level 4 spell: Cause Fear
 12742 | D:12     | Noticed a seven-headed hydra
 12917 | D:12     | Noticed a red ugly thing
 12936 | D:12     | HP: 3/62 [barbs]
 13054 | D:12     | Noticed Psyche
 13059 | D:12     | Killed Psyche
 13063 | D:12     | Noticed a green ugly thing
 13212 | D:12     | Noticed a four-headed hydra
 13221 | D:12     | Killed a four-headed hydra
 13222 | D:12     | Reached skill level 1 in Necromancy
 13226 | D:12     | Reached XP level 12. HP: 60/67 MP: 12/29
 13424 | D:12     | Found an ancient bone altar of Kikubaaqudgha.
 13433 | D:12     | Reached skill level 14 in Conjurations
 13440 | D:12     | Reached skill level 5 in Earth Magic
 13532 | D:12     | Reached skill level 5 in Fighting
 13646 | D:12     | Reached * piety under Sif Muna
 13651 | D:12     | Killed a seven-headed hydra
 14283 | D:12     | Found a glowing silver altar of Zin.
 14388 | D:13     | Found a gate to the Vaults.
 14388 | D:13     | Noticed a vault guard
 14388 | D:13     | Noticed a vault guard
 14388 | D:13     | Noticed a vault guard
 14388 | D:13     | Noticed a vault guard
 14388 | D:13     | Noticed a vault guard
 14388 | D:13     | Noticed a vault guard
 14389 | D:13     | Noticed a vault guard
 14394 | D:13     | Killed a vault guard
 14395 | D:13     | Killed a vault guard
 14396 | D:13     | Reached skill level 1 in Invocations
 14399 | D:13     | Noticed a vault guard
 14406 | D:13     | Killed a vault guard
 14412 | D:13     | Killed a vault guard
 14597 | D:13     | Noticed a centaur warrior
 14602 | D:13     | Killed a centaur warrior
 14603 | D:13     | Reached skill level 5 in Necromancy
 14768 | D:13     | Killed a vault guard
 14835 | D:13     | Killed a vault guard
 14837 | D:13     | Noticed a five-headed hydra
 14843 | D:13     | Killed a five-headed hydra
 15043 | Lair:1   | Entered Level 1 of the Lair of Beasts
 15109 | Lair:1   | Found a runed translucent door.
 15111 | Lair:1   | Noticed booth's ghost (novice DsGl)
 15134 | Lair:1   | Reached XP level 13. HP: 73/74 MP: 1/31
 15142 | Lair:1   | Identified the +7 spear "Qaazomom" {elec, rCorr SInv}
 15206 | Lair:1   | Identified the +4 ring mail "Trusted Companion" {rN+ Dex+2}
 15387 | Lair:1   | Reached ** piety under Sif Muna
 15561 | Lair:1   | Noticed Grum
 15567 | Lair:1   | Killed Grum
 16136 | Lair:2   | Found a frozen archway.
 16262 | IceCv    | Entered an ice cave
 16551 | IceCv    | Reached *** piety under Sif Muna
 16599 | IceCv    | Noticed a reaper
 16612 | IceCv    | Killed a reaper
 17482 | Lair:2   | Found a hole to the Spider Nest.
 18426 | Lair:3   | Reached skill level 10 in Dodging
 18995 | Lair:3   | Reached skill level 5 in Invocations
 19454 | Lair:3   | Reached **** piety under Sif Muna
 19645 | Lair:3   | Found a staircase to the Swamp.
 19812 | Lair:4   | Reached skill level 10 in Earth Magic
 20225 | Lair:4   | Reached XP level 14. HP: 80/80 MP: 3/32
 20739 | Lair:4   | Found a viscous altar of Jiyva.
 20741 | Lair:4   | Found a staircase to the Slime Pits.
 20830 | Lair:4   | Reached skill level 10 in Necromancy
 21221 | Lair:4   | Reached ***** piety under Sif Muna
 21419 | Lair:5   | Entered Level 5 of the Lair of Beasts
 21434 | Lair:5   | Received a gift from Sif Muna
 22869 | Lair:5   | Noticed Kirke
 22879 | Lair:5   | Killed Kirke
 24059 | Orc:1    | Entered Level 1 of the Orcish Mines
 24249 | Orc:2    | Entered Level 2 of the Orcish Mines
 24317 | Orc:2    | Received a gift from Sif Muna
 24319 | Orc:2    | Got Sif Muna's Writings on Pyromania {god gift}
 24472 | Orc:2    | Found Zemyh's Antique Weapon Boutique.
 24608 | Orc:2    | Found a staircase to the Elven Halls.
 25500 | Orc:2    | Reached XP level 15. HP: 75/88 MP: 27/33
 26171 | Orc:2    | Found Mourgh's General Store.
 26174 | Orc:2    | Found Cemurea's Book Boutique.
 26175 | Orc:2    | Found Talotwan's Antique Weapon Shop.
 26176 | Orc:2    | Found Anod's Magic Scroll Shop.
 26183 | Orc:2    | Bought a +1 pair of gloves for 184 gold pieces
 26191 | Orc:2    | Bought a scroll of identify for 34 gold pieces
 26191 | Orc:2    | Bought a scroll of identify for 34 gold pieces
 26191 | Orc:2    | Bought a scroll of identify for 34 gold pieces
 26531 | Swamp:1  | Entered Level 1 of the Swamp
 26547 | Lair:3   | Paralysed by a hornet for 2 turns
 26727 | Spider:1 | Entered Level 1 of the Spider Nest
 27175 | Lair:2   | Demolished by a radroach

Illustrated notes

Levels and vault maps discovered:
D:1:      grunt_arrival_crossed_arrows, layout_loops_ring,
          dreamdust_mushroom_princess
D:2:      cheibrodos_helix_gallery, layout_loops_ring, uniq_jessica
D:3:      layout_rooms
D:4:      layout_cave_pods, gammafunk_ghost_arena
D:5:      gammafunk_steamed_eel, layout_gridville,
          nicolae_ru_sacrificial_ziggurat
D:6:      minmay_evil_eye, layout_rooms, minmay_temple_entry_trees,
          lightli_church_of_beogh, uniq_maggie
D:7:      layout_basic
D:8:      layout_gridville, serial_shops, nicolae_shop_behind_doors,
          nicolae_stop_n_shop_2, shop, nicolae_square_shop, minmay_checkerbox
D:9:      layout_basic, chequers_temple_overflow_statue_of_worship, erik_orc_2,
          uniq_maurice
D:10:     layout_cross, lemuel_blue_sif_altar, lair_entry_dummy, serial_shops,
          nicolae_shop_window_shopping, uniq_gastronok
D:11:     layout_loops_cross
D:12:     layout_loops_ring, hangedman_feature_mirror, uniq_psyche
D:13:     layout_roguey, erik_vaults_2, uniq_urug
Lair:1:   layout_chaotic_city, ebering_ghost_funeral_grove,
          infiniplex_staircase_pool_2, grunt_megastairs_3, serial_bayou_shore_b,
          uniq_grum
Lair:2:   layout_hall_layers, spider_nest_entry_rubble,
          portal_ice_cave_entry_ice_simulacra, grunt_megastairs_5
Lair:3:   layout_cave_pods, nicolae_swamp_entry_splash_gauntlet,
          roderic_carrion_pond, serial_bayou_shore_a
Lair:4:   layout_misc_corridors, minmay_slime_entry_oklob_enclosed,
          wad_woods_02, grunt_megastairs_1, lemuel_fruit_tree,
          lemuel_fruit_fields
Lair:5:   evilmike_catoblepas_cave, layout_cave_shapes,
          nicolae_quartered_pool_medium, uniq_kirke
Swamp:1:  layout_basic_swamp, infiniplex_staircase_pool
Spider:1: layout_spider_delve, special_room [special_room_bee]
Orc:1:    layout_diamond_mine, nicolae_volcano_entry_two_sided,
          okawaru_metal_pillars_1_2
Orc:2:    st_orc_pillars, layout_diamond_mine, gauntlet_entry_generic,
          serial_shops, nicolae_shop_crystal

Skill      XL: |  1  2  3  4  5  6  7  8  9 10 11 12 13 14 15 |
---------------+----------------------------------------------+-----
Conjurations   | 5 6 7 8 9 11 12 13 14 | 14.0
Spellcasting   | 4 5 6 7 9 10 11 12 | 12.0
Hexes          | 1 2 3 4 6 7 |  7.8
Translocations | 1 2 3 5 6 |  6.4
Dodging        | 5 7 9 10 11 12 | 12.3
Fighting       | 3 4 5 6 8 |  8.3
Earth Magic    | 4 7 10 12 13 | 13.2
Necromancy     | 1 6 9 11 | 11.1
Invocations    | 3 5 7 8 |  8.2
Stealth        | |  2.4

Action                   |  1- 3 |  4- 6 |  7- 9 | 10-12 | 13-15 || total
-------------------------+-------+-------+-------+-------+-------++-------
Melee: Dagger            |       |       |       |     5 |       ||     5
       Short sword       |       |       |       |     2 |       ||     2
       Long sword        |       |       |       |     9 |    46 ||    55
       Unarmed           |       |       |       |       |     3 ||     3
       Punch             |       |       |       |       |     1 ||     1
 Fire: Shortbow          |       |       |       |     5 |       ||     5
 Cast: Magic Dart        |    61 |    90 |    41 |    67 |    50 ||   309
       Searing Ray       |     4 |     7 |     7 |    18 |     1 ||    37
       Fulminant Prism   |       |     3 |    36 |   107 |   103 ||   249
       Iskenderun's Myst |       |     2 |    16 |    55 |    45 ||   118
       Cause Fear        |       |       |       |     4 |     3 ||     7
       Borgnjor's Vile C |       |       |       |    24 |   276 ||   300
Invok: Channel Magic     |       |       |       |       |     1 ||     1
Evoke: Wand              |       |       |       |     4 |     2 ||     6
  Use: Scroll            |       |     6 |     1 |     6 |    11 ||    24
       Potion            |       |       |       |     1 |     1 ||     2
 Stab: Paralysed         |       |       |       |     7 |     5 ||    12
       Petrified         |       |       |       |       |     6 ||     6
Armor: Robe              |       |     3 |     3 |     4 |       ||    10
       Steam dragon scal |       |       |       |    13 |    42 ||    55
       Troll leather arm |       |       |       |     2 |       ||     2
Dodge: Dodged            |     2 |     9 |    21 |    58 |   115 ||   205
